General information
- name: BNet
- type: Ladder team game (AT/RT)
- host: Battle.net
- saver: DiesIraeTechnoR
map: Highperch
- players: 6
- length: 31:23
- speed: Fast
- version: 1.24 W3XP
- replay type: Public
» download(230 KB)
Players
team 1 (loser)
gn[o]mo (
teal | 52 APM | 1646 actions | 31:21)
4 Far Seer
2 Feral Spirit
2 Chain Lighting
1 Tauren Chieftain
1 War Stomp
» actions
| Assign group hotkey | 62 | |
| Basic commands | 4 | |
| Build / train | 60 | |
| ESC pressed | 5 | |
| Enter build submenu | 24 | |
| Enter hero's abilities submenu | 5 | |
| Right click | 806 | |
| Select / deselect | 357 | |
| Select group hotkey | 202 | |
| Use ability | 121 | |
1646 total
» units
| Peon | 9 | |
| Grunt | 4 | |
| Troll Batrider | 13 | |
| Wind Rider | 1 | |
| Demolisher | 1 | |
| Raider | 10 | |
38 total
» upgrades
| Ranged Weapons | 2 | |
| Liquid Fire | 1 | |
| Ensnare | 1 | |
| Armor | 1 | |
5 total
» buildings
| Altar of Storms | 1 | |
| Orc Burrow | 9 | |
| Barracks | 2 | |
| Stronghold | 1 | |
| Voodoo Lounge | 1 | |
| War Mill | 1 | |
| Fortress | 1 | |
| Beastiary | 2 | |
| Watch Tower | 8 | |
26 total
» build order
00:08 Altar of Storms
00:18 Orc Burrow
00:46 Barracks
01:43 Orc Burrow
02:33 Stronghold
03:27 Voodoo Lounge
05:18 Barracks
05:21 Orc Burrow
05:26 Orc Burrow
05:30 War Mill
06:07 Fortress
06:19 Beastiary
06:21 Beastiary
06:23 Orc Burrow
06:27 Orc Burrow
14:10 Watch Tower
14:12 Watch Tower
14:15 Watch Tower
14:31 Watch Tower
20:33 Orc Burrow
20:34 Orc Burrow
20:35 Orc Burrow
26:33 Watch Tower
27:18 Watch Tower
28:13 Watch Tower
28:17 Watch Tower
» items
| Healing Salve | 5 | |
| Lesser Clarity Potion | 1 | |
| Potion of Mana | 1 | |
| Orb of Lightning | 1 | |
8 total

»
Karmas-Sport (
orange | 66 APM | 2073 actions | 31:17)
3 Demon Hunter
2 Mana Burn
1 Evasion
2 Beastmaster
1 Summon Quilbeast
1 Summon Hawk
» actions
| Assign group hotkey | 262 | |
| Build / train | 57 | |
| Enter build submenu | 19 | |
| Enter hero's abilities submenu | 5 | |
| Remove unit from queue | 2 | |
| Right click | 1212 | |
| Select / deselect | 310 | |
| Select group hotkey | 142 | |
| Use ability | 64 | |
2073 total
» units
| Wisp | 21 | |
| Archer | 3 | |
| Chimaera | 3 | |
| Hippogryph | 2 | |
| Dryad | 6 | |
| Druid of the Talon | 1 | |
36 total
» upgrades
| Corrosive Breath | 1 | |
| Strength of the Wild | 2 | |
| Abolish Magic | 1 | |
| Reinforced Hides | 1 | |
| Druid of the Talon Training | 1 | |
6 total
» buildings
| Altar of Elders | 1 | |
| Moon Well | 9 | |
| Ancient of War | 1 | |
| Tree of Ages | 1 | |
| Tree of Eternity | 1 | |
| Ancient of Wind | 1 | |
| Tree of Life | 2 | |
| Chimaera Roost | 3 | |
| Hunter's Hall | 1 | |
| Ancient of Lore | 1 | |
21 total
» build order
00:08 Altar of Elders
00:22 Moon Well
01:01 Ancient of War
01:44 Moon Well
02:31 Moon Well
04:16 Tree of Ages
06:37 Tree of Eternity
06:40 Ancient of Wind
07:29 Tree of Life
07:40 Moon Well
09:02 Chimaera Roost
09:05 Chimaera Roost
09:53 Chimaera Roost
09:59 Hunter's Hall
11:05 Moon Well
11:43 Moon Well
12:35 Moon Well
14:59 Ancient of Lore
17:10 Moon Well
17:11 Moon Well
23:23 Tree of Life
» items
| Staff of Teleportation | 1 | |
| Scroll of Regeneration | 3 | |
4 total

»
x]Knives (
purple | 149 APM | 4668 actions | 31:22)
3 Archmage
2 Blizzard
1 Brilliance Aura
1 Mountain King
1 Storm Bolt
» actions
| Assign group hotkey | 21 | |
| Basic commands | 16 | |
| Build / train | 82 | |
| Enter build submenu | 33 | |
| Enter hero's abilities submenu | 5 | |
| Give item / drop item | 1 | |
| Right click | 2839 | |
| Select / deselect | 612 | |
| Select group hotkey | 942 | |
| Use ability | 117 | |
4668 total
» units
| Peasant | 14 | |
| Rifleman | 3 | |
| Spell Breaker | 4 | |
| Mortar Team | 8 | |
| Priest | 1 | |
| Flying Machine | 1 | |
31 total
» upgrades
| Magic Sentry | 1 | |
| Gunpowder | 2 | |
| Flare | 1 | |
| Fragmentation Shards | 1 | |
| Barrage | 1 | |
| Lumber Harvesting | 1 | |
| Masonry | 2 | |
9 total
» buildings
| Altar of Kings | 1 | |
| Farm | 9 | |
| Blacksmith | 1 | |
| Barracks | 1 | |
| Scout Tower | 9 | |
| Arcane Tower | 5 | |
| Keep | 1 | |
| Workshop | 4 | |
| Arcane Sanctum | 2 | |
| Arcane Vault | 2 | |
| Town Hall | 1 | |
| Lumber Mill | 1 | |
| Guard Tower | 4 | |
| Castle | 1 | |
42 total
» build order
00:19 Altar of Kings
00:23 Farm
01:05 Blacksmith
01:18 Farm
01:46 Barracks
01:56 Scout Tower
02:27 Arcane Tower
03:20 Keep
04:55 Farm
05:45 Workshop
05:59 Arcane Sanctum
07:02 Arcane Vault
07:08 Farm
07:48 Town Hall
07:51 Scout Tower
08:42 Arcane Sanctum
09:02 Arcane Tower
09:06 Arcane Tower
09:11 Lumber Mill
10:26 Guard Tower
10:46 Arcane Vault
10:50 Guard Tower
11:04 Farm
11:06 Farm
11:08 Workshop
11:16 Workshop
12:42 Workshop
12:44 Farm
12:46 Farm
12:49 Farm
18:16 Castle
23:31 Scout Tower
23:32 Scout Tower
23:32 Scout Tower
24:01 Guard Tower
24:06 Guard Tower
24:56 Scout Tower
24:58 Scout Tower
25:58 Scout Tower
26:38 Arcane Tower
26:38 Scout Tower
27:08 Arcane Tower
» items
| Scroll of Regeneration | 10 | |
| Ivory Tower | 9 | |
| Boots of Speed | 1 | |
| Scroll of Healing | 1 | |
| Potion of Lesser Invulnerability | 1 | |
| Staff of Sanctuary | 2 | |
| Scroll of Town Portal | 1 | |
25 total
team 2 (winner)
chinese.villain (
blue | 43 APM | 1343 actions | 31:22)
5 Pandaren Brewmaster
3 Breath of Fire
2 Drunken Brawler
» actions
| Assign group hotkey | 29 | |
| Basic commands | 11 | |
| Build / train | 70 | |
| Enter build submenu | 42 | |
| Enter hero's abilities submenu | 5 | |
| Remove unit from queue | 3 | |
| Right click | 673 | |
| Select / deselect | 218 | |
| Select group hotkey | 193 | |
| Use ability | 99 | |
1343 total
» units
| Wisp | 32 | |
| Druid of the Talon | 6 | |
38 total
» upgrades
| Ultravision | 1 | |
| Strength of the Wild | 3 | |
| Reinforced Hides | 3 | |
| Well Spring | 1 | |
| Nature's Blessing | 1 | |
| Druid of the Talon Training | 2 | |
| Mark of the Talon | 1 | |
| Moon Armor | 0 | |
12 total
» buildings
| Altar of Elders | 1 | |
| Moon Well | 28 | |
| Tree of Life | 2 | |
| Hunter's Hall | 2 | |
| Tree of Ages | 1 | |
| Tree of Eternity | 5 | |
| Ancient of Wind | 3 | |
42 total
» build order
00:09 Altar of Elders
00:13 Moon Well
02:46 Moon Well
02:55 Moon Well
03:20 Moon Well
03:23 Moon Well
03:45 Moon Well
04:04 Moon Well
04:31 Moon Well
05:22 Moon Well
06:20 Moon Well
06:53 Moon Well
06:54 Moon Well
06:56 Moon Well
07:15 Moon Well
07:42 Tree of Life
08:17 Tree of Life
08:45 Moon Well
09:51 Moon Well
09:52 Moon Well
10:05 Moon Well
10:12 Moon Well
10:19 Hunter's Hall
10:23 Hunter's Hall
11:40 Moon Well
13:11 Moon Well
13:17 Tree of Ages
17:07 Tree of Eternity
17:07 Tree of Eternity
17:07 Tree of Eternity
17:23 Moon Well
17:25 Moon Well
17:27 Moon Well
20:21 Ancient of Wind
20:21 Ancient of Wind
20:22 Ancient of Wind
21:12 Moon Well
21:15 Moon Well
22:26 Moon Well
23:42 Moon Well
» items
| Boots of Speed | 1 | |
| Staff of Teleportation | 1 | |
| Orb of Lightning | 1 | |
| Scroll of Town Portal | 2 | |
5 total
DiesIraeTechnoR (
red | 70 APM | 2206 actions | 31:23)
7 Pandaren Brewmaster
3 Breath of Fire
3 Drunken Haze
1 Storm Earth and Fire
» actions
| Assign group hotkey | 52 | |
| Basic commands | 37 | |
| Build / train | 92 | |
| ESC pressed | 2 | |
| Enter build submenu | 65 | |
| Enter hero's abilities submenu | 7 | |
| Give item / drop item | 2 | |
| Right click | 1186 | |
| Select / deselect | 233 | |
| Select group hotkey | 329 | |
| Use ability | 201 | |
2206 total
» units
» upgrades
| Masonry | 3 | |
| Lumber Harvesting | 2 | |
| Magic Sentry | 1 | |
| Sorceress Training | 2 | |
| Gunpowder | 2 | |
| Plating | 2 | |
| Swords | 2 | |
| Armor | 2 | |
16 total
» buildings
| Farm | 19 | |
| Lumber Mill | 2 | |
| Altar of Kings | 1 | |
| Scout Tower | 59 | |
| Arcane Tower | 4 | |
| Guard Tower | 30 | |
| Keep | 2 | |
| Castle | 1 | |
| Arcane Sanctum | 1 | |
| Barracks | 1 | |
| Blacksmith | 2 | |
| Workshop | 3 | |
| Gryphon Aviary | 4 | |
| Arcane Vault | 1 | |
130 total
» build order
00:07 Farm
00:10 Lumber Mill
00:22 Lumber Mill
00:46 Altar of Kings
00:50 Farm
00:55 Scout Tower
01:02 Scout Tower
01:14 Scout Tower
01:17 Scout Tower
01:22 Scout Tower
01:25 Arcane Tower
01:30 Guard Tower
01:33 Scout Tower
01:56 Arcane Tower
01:58 Arcane Tower
02:03 Guard Tower
02:06 Scout Tower
02:14 Scout Tower
02:15 Scout Tower
02:16 Guard Tower
02:31 Scout Tower
02:35 Scout Tower
02:38 Scout Tower
02:43 Guard Tower
02:59 Scout Tower
03:03 Guard Tower
03:05 Scout Tower
03:06 Scout Tower
03:10 Guard Tower
03:23 Scout Tower
03:24 Scout Tower
03:27 Arcane Tower
03:50 Guard Tower
03:54 Scout Tower
03:55 Scout Tower
04:01 Scout Tower
04:02 Scout Tower
04:23 Guard Tower
04:26 Guard Tower
04:55 Scout Tower
04:56 Scout Tower
05:14 Keep
05:14 Keep
05:20 Guard Tower
05:29 Scout Tower
05:30 Scout Tower
06:05 Scout Tower
06:08 Scout Tower
06:22 Guard Tower
06:23 Guard Tower
06:26 Scout Tower
06:36 Scout Tower
07:07 Guard Tower
07:09 Scout Tower
07:10 Scout Tower
07:20 Guard Tower
07:23 Scout Tower
07:24 Scout Tower
07:25 Scout Tower
07:40 Guard Tower
07:42 Scout Tower
07:42 Scout Tower
07:48 Castle
08:12 Arcane Sanctum
08:36 Guard Tower
08:36 Guard Tower
08:39 Scout Tower
08:40 Scout Tower
08:47 Guard Tower
08:48 Scout Tower
08:49 Scout Tower
08:49 Scout Tower
08:50 Scout Tower
09:43 Guard Tower
09:43 Guard Tower
09:43 Guard Tower
09:46 Scout Tower
09:47 Scout Tower
09:47 Scout Tower
09:49 Scout Tower
10:03 Guard Tower
10:06 Scout Tower
10:07 Scout Tower
10:08 Scout Tower
10:09 Scout Tower
10:36 Guard Tower
10:48 Guard Tower
10:50 Farm
12:20 Barracks
12:21 Farm
12:21 Farm
12:21 Farm
12:22 Farm
12:22 Farm
12:22 Farm
12:28 Farm
12:44 Scout Tower
12:45 Scout Tower
13:03 Guard Tower
13:08 Blacksmith
13:09 Blacksmith
13:41 Scout Tower
13:41 Scout Tower
14:13 Guard Tower
14:28 Guard Tower
14:30 Workshop
14:31 Workshop
14:32 Workshop
15:33 Guard Tower
17:13 Scout Tower
17:14 Scout Tower
17:15 Scout Tower
17:16 Scout Tower
17:17 Scout Tower
18:05 Guard Tower
18:29 Guard Tower
22:22 Farm
22:23 Farm
22:24 Farm
22:24 Farm
22:24 Farm
22:25 Farm
22:25 Farm
23:00 Farm
23:01 Farm
23:03 Gryphon Aviary
23:04 Gryphon Aviary
23:04 Gryphon Aviary
23:04 Gryphon Aviary
23:07 Arcane Vault
» items
| Boots of Speed | 1 | |
| Staff of Teleportation | 1 | |
| Lesser Clarity Potion | 1 | |
| Orb of Lightning | 1 | |
| Scroll of Speed | 3 | |
| Scroll of Town Portal | 3 | |
10 total
nerdstopnerding (
yellow | 84 APM | 2622 actions | 31:22)
7 Pandaren Brewmaster
3 Breath of Fire
3 Drunken Brawler
1 Storm Earth and Fire
» actions
| Assign group hotkey | 50 | |
| Basic commands | 30 | |
| Build / train | 81 | |
| Enter build submenu | 12 | |
| Enter hero's abilities submenu | 6 | |
| Give item / drop item | 5 | |
| Right click | 1568 | |
| Select / deselect | 193 | |
| Select group hotkey | 377 | |
| Use ability | 300 | |
2622 total
» units
» upgrades
| Ranged Weapons | 1 | |
| Liquid Fire | 1 | |
2 total
» buildings
| Altar of Storms | 2 | |
| Orc Burrow | 4 | |
| Stronghold | 1 | |
| War Mill | 1 | |
| Fortress | 1 | |
| Beastiary | 3 | |
| Voodoo Lounge | 2 | |
14 total
» build order
00:08 Altar of Storms
00:11 Altar of Storms
00:14 Orc Burrow
04:38 Stronghold
04:46 War Mill
06:44 Orc Burrow
06:52 Orc Burrow
07:40 Fortress
07:42 Beastiary
07:43 Beastiary
07:47 Beastiary
07:51 Orc Burrow
09:01 Voodoo Lounge
09:03 Voodoo Lounge
» items
| Boots of Speed | 1 | |
| Circlet of Nobility | 3 | |
| Lesser Clarity Potion | 2 | |
| Healing Salve | 2 | |
| Scroll of Town Portal | 1 | |
| Orb of Lightning | 1 | |
| Staff of Teleportation | 1 | |
11 total
Chat log
(00:42 / Allies) DiesIraeTechnoR: did you google it?
(00:46 / Allies) nerdstopnerding: no
(00:47 / Allies) nerdstopnerding: god
(00:47 / Allies) chinese.villain: no
(01:01 / Allies) nerdstopnerding: the puke lands in my lap all day
(01:04 / Allies) DiesIraeTechnoR: youve heard it before
(01:05 / Allies) nerdstopnerding: i dont need to search for puke
(01:05 / Allies) DiesIraeTechnoR: anyway
(01:16 / Allies) nerdstopnerding: pandas?
(01:18 / Allies) DiesIraeTechnoR: ever
(01:18 / Allies) DiesIraeTechnoR: ya
(01:42 / Allies) DiesIraeTechnoR: everyone born after a certain year
(01:43 / Allies) DiesIraeTechnoR: has heard that xong
(01:53 / Allies) DiesIraeTechnoR: w00d
(02:25 / Allies) nerdstopnerding: icn
(02:27 / Allies) nerdstopnerding: inc
(02:38 / Allies) nerdstopnerding: get ready to deth that wisp
(02:50 / Allies) DiesIraeTechnoR: u kidding?
(05:10 / Allies) DiesIraeTechnoR: make the wells
(05:12 / Allies) DiesIraeTechnoR: by tower wall
(05:16 / Allies) DiesIraeTechnoR: tommy tech on time
(05:22 / Allies) DiesIraeTechnoR: wood
(05:44 / Allies) DiesIraeTechnoR: get the xp
(05:55 / Allies) DiesIraeTechnoR: dotn call burrows we need that grutn xp
(06:17 / Allies) DiesIraeTechnoR: make the wells
(06:19 / Allies) DiesIraeTechnoR: and make the orc shops
(06:38 / All) gn[o]mo: :D
(06:47 / Allies) nerdstopnerding: beg harder
(06:49 / Allies) nerdstopnerding: mister brackets
(07:04 / Allies) nerdstopnerding: your weak torture methods wont make me talk
(07:12 / Allies) DiesIraeTechnoR: michael take the xpos
(07:36 / Allies) chinese.villain: creep shop
(07:43 / Allies) DiesIraeTechnoR: michael
(07:46 / Allies) DiesIraeTechnoR: take the expos
(07:47 / Allies) chinese.villain: gold
(08:16 / Allies) DiesIraeTechnoR: w00d
(08:48 / Allies) nerdstopnerding: say mold
(08:53 / Allies) nerdstopnerding: they come north right when creeps on red health
(09:14 / Allies) DiesIraeTechnoR: big one
(09:15 / Allies) DiesIraeTechnoR: fsat
(09:24 / Allies) DiesIraeTechnoR: bail
(09:52 / Allies) nerdstopnerding: they have hurt shit
(09:53 / Allies) nerdstopnerding: breath
(10:23 / All) Karmas-Sport: nice one hacker
(10:29 / All) DiesIraeTechnoR: ever heard of owl scout?
(10:38 / Allies) DiesIraeTechnoR: get them bats in yon damn air
(10:39 / All) Karmas-Sport: lol
(10:41 / All) gn[o]mo: coming from pandas? ;S
(10:42 / All) Karmas-Sport: yea iveheardofhim
(10:44 / Allies) DiesIraeTechnoR: then staff to me
(10:45 / All) Karmas-Sport: Not seen him
(10:54 / Allies) DiesIraeTechnoR: fill the expos
(10:55 / All) nerdstopnerding: u a hacker?
(10:56 / Allies) DiesIraeTechnoR: with wisps
(10:59 / Allies) DiesIraeTechnoR: staff
(11:08 / All) Karmas-Sport: nope
(11:10 / All) Karmas-Sport: thats just u
(11:14 / All) nerdstopnerding: then how u see
(11:27 / All) Karmas-Sport: its not fuckingrocket sciencenewton
(11:32 / All) nerdstopnerding: owl scout rite
(11:43 / All) gn[o]mo: :D
(11:53 / All) Karmas-Sport: yea owl is not invisible noob
(13:12 / Allies) nerdstopnerding: alex shar?
(13:17 / Allies) DiesIraeTechnoR: gold me 1k and tommy 1k
(13:17 / Allies) nerdstopnerding: also were u goin
(13:24 / Allies) DiesIraeTechnoR: im gonna solo breath his wisps
(13:25 / All) gn[o]mo: now thats u hacking lol
(13:26 / Allies) DiesIraeTechnoR: 2 kilsl right?
(15:04 / Allies) chinese.villain: bats left
(15:30 / All) x]Knives: lol
(15:33 / All) x]Knives: i know it
(15:40 / All) DiesIraeTechnoR: boo hoo last words quit shit
(15:50 / Allies) DiesIraeTechnoR: tribreath vs solo breath
(15:53 / Allies) DiesIraeTechnoR: big difference
(16:08 / Allies) DiesIraeTechnoR: the level 5 panda soaked every bat kill
(16:10 / Allies) DiesIraeTechnoR: put it in action
(17:02 / Allies) DiesIraeTechnoR: ugprade yon damn wells
(17:26 / All) gn[o]mo: roiflhack
(17:33 / All) DiesIraeTechnoR: dumb wimp
(17:35 / All) DiesIraeTechnoR: raped
(17:42 / All) gn[o]mo: lol
(17:42 / All) Karmas-Sport: ez to say
(17:48 / All) Karmas-Sport: when u haveto download a program to win
(17:51 / All) Karmas-Sport: u losar
(17:55 / All) DiesIraeTechnoR: b00 h00
(17:59 / All) chinese.villain: QQ
(18:06 / All) chinese.villain: TT
(18:07 / All) Karmas-Sport: na idk its one lose
(18:09 / All) chinese.villain: jj
(18:10 / All) Karmas-Sport: but
(18:14 / All) chinese.villain: ;;
(18:16 / All) Karmas-Sport: ur sad
(18:21 / All) Karmas-Sport: Lol
(18:23 / All) gn[o]mo: lol
(18:25 / All) DiesIraeTechnoR: something telsl me this is not just the one loss
(18:40 / Allies) DiesIraeTechnoR: tribreath
(18:43 / Allies) DiesIraeTechnoR: roll call
(18:54 / Allies) chinese.villain: gyro copter
(19:11 / Allies) DiesIraeTechnoR: that was a dream
(19:18 / Allies) DiesIraeTechnoR: upgrade yon god damn wells
(19:19 / Allies) chinese.villain: mass hernukers
(19:27 / Allies) chinese.villain: next yerar
(20:06 / Allies) nerdstopnerding: fuck u too
(21:41 / Allies) DiesIraeTechnoR: look at this feast
(21:41 / Allies) DiesIraeTechnoR: rofl
(21:55 / Allies) DiesIraeTechnoR: wtf is this
(21:58 / Allies) DiesIraeTechnoR: headquarters?
(22:10 / All) DiesIraeTechnoR: u guys feel save there or something?
(22:24 / All) x]Knives: no
(22:29 / All) nerdstopnerding: you dont?
(22:38 / All) DiesIraeTechnoR: ouch mana burn!
(23:47 / All) DiesIraeTechnoR: rofl
(23:53 / Allies) nerdstopnerding: oops
(24:12 / All) DiesIraeTechnoR: nice towers
(24:14 / All) DiesIraeTechnoR: whered you get the idea?
(24:28 / All) DiesIraeTechnoR: now you just need wells there
(24:29 / All) DiesIraeTechnoR: and level 5 pandas
(24:38 / All) x]Knives: stfu lamer this s a old strat
(24:50 / All) DiesIraeTechnoR: is what you guys are doing new?
(25:00 / All) DiesIraeTechnoR: pretty sure ive seen "get raped" before
(25:07 / All) Karmas-Sport: "is what you guysare doing new"
(25:17 / All) Karmas-Sport: and i bet u dont write for a living?
(25:18 / All) Karmas-Sport: lol
(25:37 / Allies) DiesIraeTechnoR: michael gold me a bunch
(25:48 / Allies) DiesIraeTechnoR: sweet
(25:56 / Allies) DiesIraeTechnoR: go bat the elf base
(25:59 / Allies) nerdstopnerding: LOL
(26:04 / Allies) nerdstopnerding: didnt know those were there
(26:26 / All) DiesIraeTechnoR: yeowch
(26:29 / All) DiesIraeTechnoR: getting 7 will take that much longer
(26:48 / Allies) DiesIraeTechnoR: its just far enough
(26:52 / Allies) DiesIraeTechnoR: for us to greed ourselves
(26:55 / All) gn[o]mo: rofl how much u hack
(27:06 / All) DiesIraeTechnoR: ever heard of mana flare?
(28:28 / All) DiesIraeTechnoR: back to your "safe space"
(29:25 / All) gn[o]mo: dudes wtf maphacking
(29:30 / All) DiesIraeTechnoR: chathacking
(31:13 / All) DiesIraeTechnoR: safe space is now the rape space
(31:19 / All) DiesIraeTechnoR: LOL